 Dungeon Crawl Stone Soup version 0.32-a0-629-g87aaac5 (webtiles) character file.

Game seed: 16371382052703315042

2103 Ruz the Slicer (level 9, -1/50 (56) HPs)
             Began as a Kobold Berserker on Mar 6, 2024.
             Was an Elder of Trog.
             Slain by a wight
             ... wielding a +2 halberd of freezing
              (2 damage)
             ... on level 6 of the Dungeon.
             The game lasted 00:13:56 (6235 turns).

Ruz the Slicer (Kobold Berserker)                   Turns: 6235, Time: 00:13:57

HP:   -1/50 (56)    AC:  6    Str: 20    XL:     9   Next: 53%
MP:   9/9           EV: 18    Int:  8    God:    Trog [****..]
Gold: 284           SH:  0    Dex: 22    Spells: 8/8 levels left

rFire   + . .        h - +4 falchion of Inwawk {freeze, rPois rF+ Str+3}
rCold   + . .        j - orb {mayhem}
rNeg    . . .        E - +0 ring mail
rPois   +            (no helmet)
rElec   .            (no cloak)
rCorr   .            (no gloves)
SInv    .            (no boots)
Will    .....        (no amulet)
Stlth   ++++         o - +6 ring of dexterity
HPRegen 0.28/turn    F - ring of protection from cold
MPRegen 0.11/turn

%: mayhem
@: heavily drained
A: small, no large weapons, nightstalker 3, inability to read after injury 1
a: Renounce Religion, Berserk, Trog's Hand, Brothers in Arms


You were on level 6 of the Dungeon.
You worshipped Trog.
Trog was greatly pleased with you.
You visited 1 branch of the dungeon, and saw 6 of its levels.
You also visited: Sewer.

You collected 284 gold pieces.

Inventory:

Hand Weapons
 a - a +0 short sword
 e - a +2 heavy spear
 h - the +4 falchion of Inwawk (weapon) {freeze, rPois rF+ Str+3}
   (You found it on level 2 of the Dungeon)

   Str+3:     It affects your strength (+3).
   rF+:       It protects you from fire.
   rPois:     It protects you from poison.
 i - a +0 short sword of draining
 y - a +2 dagger of protection
Armour
 b - a +0 animal skin
 g - an orb of guile
 j - an orb of mayhem (worn)
 D - a +0 plate armour
 E - a +0 ring mail (worn)
Jewellery
 o - a +6 ring of dexterity (left hand)
 F - a ring of protection from cold (right hand)
Wands
 s - a wand of roots (7)
Scrolls
 c - 3 scrolls of fear {unknown}
 d - 4 scrolls of poison {unknown}
 f - 12 scrolls of identify {unknown}
 k - 2 scrolls of enchant armour {unknown}
 l - a scroll of vulnerability {unknown}
 m - 3 scrolls of teleportation {unknown}
 t - 2 scrolls of noise {unknown}
 w - 3 scrolls of enchant weapon {unknown}
 z - a scroll of immolation {unknown}
 B - 2 scrolls of amnesia {unknown}
 G - a scroll of blinking {unknown}
Potions
 n - a potion of experience {unknown}
 p - 3 potions of degeneration {unknown}
 q - 2 potions of curing
 r - a potion of attraction {unknown}
 u - a potion of might {unknown}
 v - a potion of magic {unknown}
 x - a potion of lignification {unknown}
 A - 3 potions of ambrosia
 C - a potion of invisibility {unknown}


   Skills:
 + Level 6.7 Fighting
 + Level 8.1 Short Blades
 - Level 0.1 Polearms
 + Level 4.6 Armour
 + Level 6.8 Dodging
 + Level 7.4 Stealth


You had 8 spell levels left.
You didn't know any spells.
Your spell library was empty.

Dungeon Overview and Level Annotations

Branches:
Dungeon (6/15)             Temple (0/1) D:4           Sewer (visited)

Altars:
Hepliaklqana
Okawaru
Trog


Innate Abilities, Weirdness & Mutations

You are small and have problems with some larger weapons.
You are completely attuned to the shadows.
You occasionally lose the ability to read scrolls when taking damage.


Message History

The iguana closely misses you. The iguana bites you!
You are too injured to fight recklessly!
You are too injured to fight recklessly!
You are too injured to fight recklessly!
You hit the iguana.
The iguana seems to slow down.
You freeze the iguana.
You kill the iguana!
Trog accepts your kill.
A wight comes into view. It is wielding a +3 dagger.
Things that are here:
a +1 flail; a +0 robe A wight comes into view.
It is wielding a +2 halberd of freezing.
Found 8 stones. 2 wights come into view.
The wight closely misses you.
There is a stone staircase leading down here.
The wight attacks as it pursues you! The wight barely misses you.
The wight attacks as it pursues you! The wight misses you.
The wight hits you with a +3 dagger.
You feel drained.
You hit the wight but do no damage. The wight hits you with a +3 dagger.
The wight hits you from afar with a +2 halberd of freezing!
You feel drained. The wight freezes you.
You closely miss the wight. The wight hits you with a +3 dagger.
You feel drained.
The wight hits you from afar with a +2 halberd of freezing!
* * * LOW HITPOINT WARNING * * *
The wight freezes you.
* * * LOW HITPOINT WARNING * * *
You hit the wight but do no damage. The wight closely misses you. x2
You closely miss the wight. The wight barely misses you.
The wight completely misses you.
You closely miss the wight. The wight hits you with a +3 dagger!
* * * LOW HITPOINT WARNING * * *
The wight closely misses you.
You feel better. The wight closely misses you.
The wight hits you from afar with a +2 halberd of freezing!
* * * LOW HITPOINT WARNING * * *
You feel drained.
* * * LOW HITPOINT WARNING * * *
The wight freezes you.
You die...

#.(........#
+z.........#
#z......†..#
#......)...#
#....>.....##
#####.......#
#z#####.##
#z# #..####
#@# ##....#
.....#
####.##
.....# #..#
.....#
##.#####
.....#
#......
######. ## #
#


You could see 2 wights.

Vanquished Creatures
  Grinder (D:3)
  Sigmund (D:3)
  A water moccasin (D:6)
  2 ogres (D:5)
  A centaur (D:4)
  3 kobold brigands (Sewer)
  A scorpion (D:5)
  4 wights
  A howler monkey (D:6)
  A bombardier beetle (D:4)
  A jelly (D:6)
  2 hounds
  2 sleepcaps
  6 iguanas
  2 orc wizards (D:5)
  A mummy (D:4)
  6 adders
  8 gnolls
  3 river rats (Sewer)
  A shadow imp (D:6)
  2 white imps
  4 dart slugs
  6 ribbon worms
  6 orcs
  5 endoplasms
  4 giant cockroaches
  6 goblins
  A hobgoblin (D:3)
  3 quokkas
  12 ball pythons
  5 bats
  3 frilled lizards
  A hobgoblin zombie (D:4)
  11 kobolds
  2 kobold zombies (D:4)
  An orc zombie (D:4)
  3 rats
123 creatures vanquished.

Vanquished Creatures (collateral kills)
  A centaur (D:5)
  2 wights (D:6)
  A gnoll bouda (D:4)
  A gnoll (D:4)
  A quokka (D:5)
  A ball python (Sewer)
  A kobold (D:4)
8 creatures vanquished.

Vanquished Creatures (others)
  A gnoll (D:4)
  An endoplasm (Sewer)
  A ball python (Sewer)
3 creatures vanquished.

Grand Total: 134 creatures vanquished

Notes
Turn   | Place    | Note
-------+----------+-------------------------------------------
     0 | D:1      | Ruz the Kobold Berserker began the quest for the Orb.
     0 | D:1      | Reached XP level 1. HP: 14/14 MP: 1/1
    80 | D:1      | Reached XP level 2. HP: 8/19 MP: 2/2
   284 | D:1      | Reached skill level 1 in Stealth
   323 | D:1      | Reached XP level 3. HP: 23/23 MP: 3/3
   765 | D:2      | Identified the +4 falchion of Inwawk {freeze, rPois rF+
                  | Str+3}
   925 | D:2      | Reached ** piety under Trog
  1167 | D:2      | Reached XP level 4. HP: 29/29 MP: 4/4
  1735 | D:3      | Noticed Sigmund
  1736 | D:3      | Found a glowing drain.
  1756 | D:3      | Killed Sigmund
  1757 | D:3      | Reached skill level 5 in Short Blades
  1757 | D:3      | Reached XP level 5. HP: 3/34 MP: 5/5
  1757 | D:3      | Reached XP level 6. HP: 4/39 MP: 6/6
  1926 | Sewer    | Entered a sewer
  1944 | Sewer    | Gained mutation: You occasionally lose the ability to read
                  | scrolls when taking damage. [potion of mutation]
  2279 | Sewer    | Reached XP level 7. HP: 11/44 MP: 7/7
  3003 | D:3      | Found a faded altar of an unknown god.
  3139 | D:3      | Noticed Grinder
  3149 | D:3      | Killed Grinder
  3150 | D:3      | Reached skill level 5 in Fighting
  3150 | D:3      | Reached skill level 6 in Short Blades
  3290 | D:4      | Reached skill level 5 in Dodging
  3290 | D:4      | Reached skill level 5 in Stealth
  3290 | D:4      | Reached XP level 8. HP: 24/49 MP: 8/8
  3642 | D:4      | Reached *** piety under Trog
  3684 | D:4      | Found an iron altar of Okawaru.
  3837 | D:4      | Found a bloodstained altar of Trog.
  3840 | D:4      | Found a hazy altar of Hepliaklqana.
  4283 | D:4      | Found a staircase to the Ecumenical Temple.
  4364 | D:5      | Entered Level 5 of the Dungeon
  4471 | D:5      | Reached skill level 7 in Short Blades
  5121 | D:5      | Reached XP level 9. HP: 30/55 MP: 9/9
  5630 | D:5      | Reached **** piety under Trog
  6030 | D:6      | Reached skill level 8 in Short Blades
  6235 | D:6      | HP: 2/52 [wight/+2 halberd of freezing (9)]
  6235 | D:6      | Slain by a wight

Illustrated notes

Levels and vault maps discovered:
D:1:      minmay_arrival_doors, layout_basic, solitary_fountain
D:2:      layout_loops_ring
D:3:      layout_loops_cross, shapermc_ecumenical_altar_mp_urbaneastern,
          cheibrodos_sewer_entry_drain, uniq_grinder, uniq_sigmund
D:4:      layout_loops_ring, okawaru_trees_2, mainiacjoe_overflow_divided_tiny,
          temple_hall, minmay_mini_ossuary
D:5:      cheibrodos_helix_gallery, layout_basic, minmay_pentangle
D:6:      layout_basic, mainiacjoe_overflow_six_doors_small,
          mainiacjoe_overflow_brackets, uniq_jeremiah

Skill      XL: |  1  2  3  4  5  6  7  8  9 |
---------------+----------------------------+-----
Stealth        | 1 2 3 4 5 6 7 |  7.4
Armour         | 2 3 4 |  4.6
Dodging        | 3 4 5 6 |  6.8
Fighting       | 4 5 6 |  6.7
Short Blades   | 5 6 7 8 |  8.1
Polearms       | |  0.1

Action                     |  1- 3 |  4- 6 |  7- 9 || total
---------------------------+-------+-------+-------++-------
  Melee: Short sword       |    26 |       |       ||    26
         Falchion          |    23 |    63 |   212 ||   298
         Spear             |    23 |       |       ||    23
 Invoke: Berserk           |       |       |     1 ||     1
    Use: Potion            |       |     3 |     2 ||     5
   Stab: Sleeping          |    14 |     7 |    22 ||    43
         Distracted        |       |       |     1 ||     1
 Armour: Animal skin       |    24 |    54 |    58 ||   136
         Ring mail         |       |       |    27 ||    27
         Plate armour      |       |       |     7 ||     7
  Dodge: Dodged            |    59 |    70 |   193 ||   322

Table legend: (Time is in decaauts)
 A = Elapsed time spent in this place.
 B = Non-inter-level travel time spent in this place.
 C = Inter-level travel time spent in this place.
 D = Time resting spent in this place.
 E = Time spent auto-exploring this place.
 F = Levels seen in this place.
 G = Mean time per level.
                   A        B        C        D        E       F      G
               +--------+--------+--------+--------+--------+-----+--------+
         Total |   6385 |   6233 |    152 |      0 |   5278 |   7 |  912.1 |
       Dungeon |   5441 |   5289 |    152 |      0 |   4501 |   6 |  906.8 |
         Sewer |    943 |    943 |      0 |      0 |    777 |   1 |  943.0 |
               +--------+--------+--------+--------+--------+-----+--------+

Top non-repeatable levels by time:
     D:5: 1371 daAuts
     D:4: 1112 daAuts
   Sewer: 943 daAuts
     D:3: 881 daAuts
     D:2: 804 daAuts
     D:1: 754 daAuts
     D:6: 517 daAuts
